 Dungeon Crawl Stone Soup version 0.24-a0-217-g1152973 (console) character file.

Game seed: 9565604114208727341

84 bli the Magician (level 4, 0/24 HPs)
             Began as a Tengu Wizard on Mar 29, 2019.
             Succumbed to an adder's poison
             ... on level 1 of the Dungeon.
             The game lasted 00:08:01 (1564 turns).

bli the Magician (Tengu Wizard)                     Turns: 1564, Time: 00:08:02

Health: 0/24       AC:  2    Str:  8    XL:     4   Next: 45%
Magic:  11/11      EV: 13    Int: 18    God:
Gold:   46         SH:  0    Dex: 13    Spells: 7/11 levels left

rFire    + . .     SeeInvis +   i - +4 short sword
rCold    + . .     Gourm    .   (no shield)
rNeg     . . .     Faith    .   a - +0 robe
rPois    +         Spirit   .   b - +0 hat
rElec    +         Reflect  .   (no cloak)
rCorr    +         Harm     .   (no gloves)
MR       .....                  (boots unavailable)
Stlth    ++........             o - amulet of magic regeneration
HPRegen  0.08/turn              r - ring of see invisible
MPRegen  0.37/turn              (no ring)

@: lethally poisoned (0 -> -4), resistant
A: beak, talons 3
a: no special abilities


You were on level 1 of the Dungeon.
You were not hungry.

You visited 1 branch of the dungeon, and saw 2 of its levels.

You collected 46 gold pieces.

Inventory:

Hand Weapons
 f - a +0 club
 g - a +0 whip
 i - a +4 short sword (weapon)
Missiles
 e - 51 sling bullets
 h - 3 curare-tipped needles
 k - 25 stones (quivered)
 m - 20 poisoned needles
Armour
 a - a +0 robe (worn)
 b - a +0 hat (worn)
Jewellery
 o - an amulet of magic regeneration (around neck)
 r - a ring of see invisible (left hand)
Scrolls
 c - a scroll of remove curse {unknown}
 j - a scroll of noise {unknown}
 n - a scroll of enchant weapon {unknown}
Comestibles
 d - 4 rations
 p - 4 chunks of flesh


   Skills:
 + Level 2.4 Dodging
 + Level 2.3 Stealth
 + Level 4.1 Spellcasting
 + Level 2.7 Conjurations
   Level 1.2 Summonings
   Level 0.7 Translocations
 * Level 0.7 Air Magic
 * Level 0.3 Poison Magic


You had 7 spell levels left.
You knew the following spells:

 Your Spells              Type           Power        Failure   Level  Hunger
a - Magic Dart            Conj           ##..         4%          1    None
m - Mephitic Cloud        Conj/Pois/Air  #.......     26%         3    ###....

Your spell library contained the following spells:

 Spells                   Type           Power        Failure   Level  Hunger
 Call Imp                 Summ           #.......     13%         2    ##.....
 Blink                    Tloc           N/A          16%         2    ##.....
 Slow                     Hex            #.......     22%         2    ##.....
 Conjure Flame            Conj/Fire      #.......     26%         3    ###....


Dungeon Overview and Level Annotations

Branches:
Dungeon (2/15)

Altars:

Annotations:
D:2 Sigmund


Innate Abilities, Weirdness & Mutations

You have a beak for a mouth.
You have claws for feet.


Message History

It was a potion of resistance.
You feel protected.
* * * LOW HITPOINT WARNING * * *
You feel sick.
You see here an adder corpse.
You butcher the adder corpse.
* * * LOW HITPOINT WARNING * * *
You feel sick.
Things that are here:
2 chunks of flesh; an adder skeleton
Okay, then.
Unknown command.
As you read the scroll labeled CYDI CUONUMENE, it crumbles to dust.
You feel aware of your surroundings.
It was a scroll of magic mapping.
There is a lethal amount of poison in your body!
* * * LOW HITPOINT WARNING * * *
You feel sick.
* * * LOW HITPOINT WARNING * * *
You feel sick.
You die...

.####.###.###.........#
#... ## #.....# ###########
#### # #####.# #.# #####
#.# ....# ##.####### ###.#
#........# ##### #.#
#..#####.# ##...#
###.####..# #.# #.###.
..........#####.########
#.#...
....####..##....@......#
#.#.#. ###.#
##...#.##.######.######...#
....# #......##.#
#..>%.....##.## #####
##........# #.##.####.##.#
# ##.##.#### #.##.# #.##.#
### #.##.# #.##.## #.##.#
..# #....# #.##..# #.##.##
#.# ##+#### #.###.# #.##...
#.# ##...## #.# #.# #.####.
#.# ##.....## #.###.###.#
#. #.# ##.......##
##.....[...# #.


There were no monsters in sight!

Vanquished Creatures
  3 adders
  2 worms (D:2)
  3 dart slugs
  2 leopard geckos (D:1)
  3 ball pythons (D:1)
  A giant cockroach (D:2)
  5 goblins
  7 hobgoblins (D:1)
  4 jackals (D:1)
  5 bats
  2 frilled lizards (D:1)
  2 kobolds (D:1)
  2 rats
41 creatures vanquished.

Notes
Turn   | Place    | Note
-------+----------+-------------------------------------------
     0 | D:1      | bli the Tengu Wizard began the quest for the Orb.
     0 | D:1      | Reached XP level 1. HP: 10/10 MP: 5/5
   249 | D:1      | Reached XP level 2. HP: 15/15 MP: 4/7
   520 | D:1      | Reached XP level 3. HP: 7/19 MP: 0/9
   532 | D:1      | Learned a level 3 spell: Mephitic Cloud
  1350 | D:2      | Reached skill level 4 in Spellcasting
  1438 | D:2      | Reached XP level 4. HP: 24/24 MP: 4/11
  1520 | D:2      | Noticed Sigmund
  1558 | D:1      | HP: 1/24 [poisoned by an adder]
  1564 | D:1      | Succumbed to an adder's poison

Levels and vault maps discovered:
D:1:      kennysheep_arrival_seaside, layout_loops_corners
D:2:      layout_basic, fedhas_altar_4, uniq_sigmund, uniq_terence

Skill      XL: |  1  2  3 |
---------------+----------+-----
Conjurations   | 2 |  2.7
Spellcasting   | 4 |  4.1
Dodging        | |  2.4
Stealth        | |  2.3
Summonings     | |  1.2
Translocations | |  0.7
Air Magic      | |  0.7
Poison Magic   | |  0.3

Action                   |  1- 3 |  4- 6 || total
-------------------------+-------+-------++-------
Melee: Unarmed           |     3 |       ||     3
       Kick              |     3 |     1 ||     4
       Short sword       |    24 |     7 ||    31
 Cast: Magic Dart        |    81 |    21 ||   102
  Use: Scroll            |       |     1 ||     1
       Potion            |       |     1 ||     1
  Eat: Chunk             |     1 |     1 ||     2
Armor: Robe              |     4 |     1 ||     5
Dodge: Dodged            |    18 |    11 ||    29

Table legend:
 A = Non-vault XP
 B = Vault XP
 C = Vault XP percentage of total XP
 D = Non-vault monster count
 E = Vault monster count
 F = Vault count percentage of total count
                 A         B        C        D         E       F
            +---------+---------+-------+---------+---------+-------
      Total |     120 |       0 |   0.0 |      41 |       0 |   0.0
            +---------+---------+-------+---------+---------+-------
        D:1 |      69 |       0 |   0.0 |      31 |       0 |   0.0
        D:2 |      51 |       0 |   0.0 |      10 |       0 |   0.0
            +---------+---------+-------+---------+---------+-------
